 Dungeon Crawl Stone Soup version 0.29.1-1-gd02db6906a (webtiles) character file.

Game seed: 6255417812639017908

79 smilodon the Shield-Bearer (level 4, -7/42 (44) HPs)
             Began as a Troll Fighter on Sept 15, 2022.
             Mangled by Crazy Yiuf
             ... wielding a +3 quarterstaff of chaos
              (12 damage)
             ... on level 2 of the Dungeon.
             The game lasted 00:03:12 (1291 turns).

smilodon the Shield-Bearer (Troll Fighter)          Turns: 1291, Time: 00:03:18

HP:   -7/42 (44)    AC:  4    Str: 26    XL:     4   Next: 16%
MP:   12/12         EV:  8    Int:  4    God:
Gold: 63            SH:  7    Dex:  9    Spells: 3/3 levels left

rFire   . . .      SeeInvis .     - Unarmed
rCold   . . .      Faith    .   b - +0 kite shield
rNeg    . . .      Spirit   .   a - +0 robe
rPois   .          Reflect  .   (helmet restricted)
rElec   .          Harm     .   (no cloak)
rCorr   .          Rampage  .   (gloves unavailable)
Will    .....                   (boots unavailable)
Stlth   +.........              (no amulet)
HPRegen 0.94/turn               i - ring of magical power
MPRegen 0.13/turn               l - ring of wizardry

@: lethally poisoned (-7 -> -7), slowed, lightly drained, very slow
A: large, unfitting armour, claws 3, regeneration 1, shaggy fur 1, tough skin 1
a: no special abilities


You were on level 2 of the Dungeon.
You visited 1 branch of the dungeon, and saw 2 of its levels.

You collected 63 gold pieces.

Inventory:

Hand Weapons
 f - a +0 short sword of speed
 n - a +7 club
Armour
 a - a +0 robe (worn)
 b - a +0 kite shield (worn)
Jewellery
 i - a ring of magical power (left claw)
 l - a ring of wizardry (right claw)
Scrolls
 e - a scroll of immolation
 g - a scroll of butterflies
 j - a scroll of fear {unknown}
 o - a scroll of teleportation {unknown}
Potions
 c - a potion of might
 h - a potion of cancellation {unknown}
 k - a potion of ambrosia {unknown}
 m - a potion of mutation {unknown}


   Skills:
 + Level 2.8 Fighting
 - Level 0.9 Short Blades
 + Level 0.0 Maces & Flails
 + Level 2.9 Dodging
 + Level 3.1 Shields
 + Level 2.7 Unarmed Combat


You had 3 spell levels left.
You didn't know any spells.
Your spell library was empty.

Dungeon Overview and Level Annotations

Branches:
Dungeon (2/15)

Altars:

Annotations:
D:2 Crazy Yiuf


Innate Abilities, Weirdness & Mutations

You are too large for most types of armour.
You have claws for hands.
Your natural rate of healing is unusually fast.
You are covered in fur. (AC +1)
You have tough skin. (AC +1)


Message History

Crazy Yiuf closely misses you.
You scratch Crazy Yiuf.
Crazy Yiuf is heavily wounded.
You block Crazy Yiuf's attack.
Crazy Yiuf hits you with a +3 quarterstaff of chaos!
You are confused.
You bump into the tree.
Crazy Yiuf twirls on the spot.
Crazy Yiuf closely misses you.
You're too confused to move!
Crazy Yiuf hits you with a +3 quarterstaff of chaos.
You are poisoned.
Crazy Yiuf hits you with a +3 quarterstaff of chaos!
You feel drained.
You feel much better.
You feel very sick.
Crazy Yiuf hits you with a +3 quarterstaff of chaos!
You are electrocuted!
* * * LOW HITPOINT WARNING * * *
You feel much better.
You feel less confused.
You feel sick.
Crazy Yiuf hits you with a +3 quarterstaff of chaos!
Crazy Yiuf draws strength from your wounds!
Crazy Yiuf barely misses you.
As you read the scroll labelled BILOWE BAHE, it crumbles to dust.
The creatures around you are filled with an inner flame!
It was a scroll of immolation.
You feel sick.
Crazy Yiuf yells, "Ice childish snockshim!"
Crazy Yiuf hits you with a +3 quarterstaff of chaos.
* * * LOW HITPOINT WARNING * * *
Crazy Yiuf burns you.
* * * LOW HITPOINT WARNING * * *
As you read the scroll labelled POMATY QYRRY, it crumbles to dust.
You hear the tinkle of a tiny bell.
It was a scroll of butterflies.
You feel sick.
Crazy Yiuf whimpers, "Snower testudinal infinity!"
Crazy Yiuf barely misses you.
Crazy Yiuf hits you with a +3 quarterstaff of chaos!
You die...

#############..............
#................#########.
#.###########....# ## #.#
###### ## #.# ######.
##.##♣♣♣♣♣ #......
#......♣.♣♣♣ ### #......
#.......♣bb♣#b..# #......
#......♣♣♣♣@gb..# #......
##....♣♣ ♣♣#b.)# #......
####♣♣ ### #...... #......
####...... #.........
#.#....... #...###### #..##
###


You could see Crazy Yiuf (inner flame, ally target).

Vanquished Creatures
  Robin (D:2)
  2 adders (D:2)
  2 dart slugs (D:1)
  3 endoplasms
  4 giant cockroaches
  5 goblins (D:2)
  6 hobgoblins
  3 jackals (D:1)
  3 ball pythons
  4 bats
  A frilled lizard (D:1)
  4 kobolds
  4 rats
42 creatures vanquished.

Notes
Turn   | Place    | Note
-------+----------+-------------------------------------------
     0 | D:1      | smilodon the Troll Fighter began the quest for the Orb.
     0 | D:1      | Reached XP level 1. HP: 22/22 MP: 0/0
   214 | D:1      | Reached XP level 2. HP: 29/29 MP: 1/1
   677 | D:1      | Found a faded altar of an unknown god.
   763 | D:2      | Reached skill level 3 in Shields
   764 | D:2      | Reached XP level 3. HP: 36/36 MP: 2/2
   926 | D:2      | Noticed Robin
   965 | D:2      | Killed Robin
   966 | D:2      | Reached XP level 4. HP: 38/44 MP: 3/3
  1147 | D:2      | Found a runed translucent door.
  1148 | D:2      | Noticed Crazy Yiuf
  1279 | D:2      | Paralysed by Crazy Yiuf for 5 turns
  1291 | D:2      | Mangled by Crazy Yiuf

Illustrated notes

Levels and vault maps discovered:
D:1:      wander_arrival_lonely_grave, layout_loops_ring,
          hellmonk_ecumenical_altar_heavens_door
D:2:      layout_rooms, uniq_robin, uniq_crazy_yiuf_cottage

Skill      XL: |  1  2 |
---------------+-------+-----
Shields        | 3 |  3.1
Fighting       | |  2.8
Short Blades   | |  0.9
Dodging        | |  2.9
Unarmed Combat | |  2.7

Action                   |  1- 3 |  4- 6 || total
-------------------------+-------+-------++-------
Melee: Unarmed           |   116 |    11 ||   127
  Use: Potion            |     1 |     4 ||     5
       Scroll            |       |     2 ||     2
Armor: Robe              |    53 |       ||    53
Dodge: Dodged            |    41 |     4 ||    45
Block: Kite shield       |    61 |     4 ||    65
